 Dungeon Crawl Stone Soup version 0.28.0-53-g5a82cb258f (webtiles) character file.

Game seed: 1479954509594544697

7709 buhh the Contemplative (level 11, -3/92 HPs)
             Began as an Octopode Transmuter on June 20, 2022.
             Was a Priest of Cheibriados.
             Slain by a wyvern (14 damage)
             ... on level 10 of the Dungeon.
             The game lasted 00:31:02 (16462 turns).

buhh the Contemplative (Octopode Transmuter)       Turns: 16462, Time: 00:31:03

Health: -3/92      AC: 11    Str: 17    XL:     11   Next: 19%
Magic:  0/17       EV: 10    Int: 33    God:    Cheibriados [***...]
Gold:   461        SH:  0    Dex: 19    Spells: 2/14 levels left

rFire   x . .      SeeInvis .     - Unarmed
rCold   + + +      Faith    .   (shield currently unavailable)
rNeg    + . .      Spirit   +   (helmet currently unavailable)
rPois   +          Reflect  .   h - amulet of guardian spirit
rElec   .          Harm     .   b - ring of willpower
rCorr   .          Rampage  .   a - ring of positive energy
Will    +....                   z - ring of protection from cold
Stlth   ++........              A - ring of flight
HPRegen 0.25/turn               D - +6 ring of intelligence
MPRegen 0.15/turn               (no ring)
                                (no ring)
                                (no ring)

@: ice-form, wereblooded, flying, very slow
A: freezing attack, boosted hp, almost no armour, amphibious, 8 rings, large,
(camouflage 1), (gelatinous body 1), (nimble swimmer 1), (tentacles)
a: End Transformation, Renounce Religion, Bend Time, Temporal Distortion


You were on level 10 of the Dungeon.
You worshipped Cheibriados.
Cheibriados was most pleased with you.
You were a creature of crystalline ice.
You visited 2 branches of the dungeon, and saw 11 of its levels.

You collected 640 gold pieces.
You spent 179 gold pieces at shops.

Inventory:

Missiles
 s - 14 poisoned darts
Magical Staves
 q - a staff of conjuration
Jewellery
 a - a ring of positive energy (right front paw)
 b - a ring of willpower (left front paw)
 h - an amulet of guardian spirit (around neck)
 y - an amulet of magic regeneration
 z - a ring of protection from cold (on tentacle)
 A - a ring of flight (on tentacle)
 D - a +6 ring of intelligence (on tentacle)
 J - a ring of fire
Wands
 i - a wand of charming (7)
 C - a wand of polymorph (8)
 F - a wand of iceblast (5)
 H - a wand of mindburst (4)
Scrolls
 d - a scroll of fog {unknown}
 f - a scroll of silence {unknown}
 g - 2 scrolls of identify {!d}
 m - 3 scrolls of noise {unknown}
 n - 2 scrolls of immolation {unknown}
 o - a scroll of acquirement {unknown}
 t - a scroll of teleportation {!d}
 u - 2 scrolls of torment {unknown}
 v - 2 scrolls of holy word {unknown}
 w - a scroll of fear {unknown}
 x - a scroll of magic mapping {unknown}
 E - 2 scrolls of vulnerability {unknown}
 Z - 2 scrolls of enchant armour
Potions
 c - 2 potions of resistance {unknown}
 e - a potion of flight {unknown}
 j - 2 potions of cancellation {unknown}
 k - a potion of degeneration
 l - 3 potions of lignification {!d}
 p - a potion of magic {unknown}
 r - a potion of mutation {unknown}
 B - 2 potions of attraction {unknown}
 G - a potion of berserk rage {unknown}
 I - 3 potions of might {unknown}
 N - 2 potions of curing {!q!d}


   Skills:
 * Level 8.2 Fighting
 - Level 2.0 Dodging
 - Level 1.0 Stealth
 * Level 5.2 Unarmed Combat
 - Level 2.0 Spellcasting
 - Level 8.0 Transmutations
 - Level 8.0 Ice Magic
 - Level 9.2 Invocations
 - Level 3.0 Evocations


You had 2 spell levels left.
You knew the following spells:

 Your Spells              Type           Power      Damage    Failure   Level
a - Beastly Appendage     Tmut           100%       N/A       1%          1
b - Wereblood             Tmut           54%        N/A       1%          2
c - Spider Form           Tmut/Pois      29%        N/A       3%          3
d - Passwall              Tmut/Erth      24%        N/A       1%          2
e - Ice Form              Ice/Tmut       54%        N/A       2%          4

Your spell library contained the following spells:

 Spells                   Type           Power      Damage    Failure   Level
 Ensorcelled Hibernation  Hex/Ice        58%        N/A       1%          2
 Magic Dart               Conj           12%        1d3       6%          1
 Searing Ray              Conj           6%         2d4       10%         2
 Swiftness                Air            3%         N/A       19%         3
 Fulminant Prism          Conj/Hex       1%         3d6       54%         4
 Passage of Golubria      Tloc           3%         N/A       54%         4
 Silence                  Hex/Air        1%         N/A       87%         5
 Lehudib's Crystal Spear  Conj/Erth      1%         10d2      100%        8


Dungeon Overview and Level Annotations

Branches:
Dungeon (10/15)            Temple (1/1) D:6             Orc (0/2) D:9
   Lair: D:8-11

Altars:
Ashenzari
Cheibriados
Elyvilon
Fedhas
Kikubaaqudgha
Qazlal
Ru
Sif Muna
Trog
Uskayaw
Wu Jian
Yredelemnul
The Shining One

Shops:
D:4 *   D:9 (

Annotations:
D:5 1 runed translucent door, exclusions: door and downstairs, trickyswaf's ghost, novice MiFi
D:6 Edmund
D:7 1 runed translucent door, exclusion: door, Crazy Yiuf
D:9 1 runed translucent door


Innate Abilities, Weirdness & Mutations

You are a creature of crystalline ice.
You have a powerful freezing melee attack.
Your maximum health is increased.
Your armour is entirely melded.
You are incapable of wielding weapons or throwing items.
You cannot wear most types of armour.
You are amphibious.
You can wear up to eight rings at the same time.
((Your skin changes colour to match your surroundings (Stealth+).))
((Your rubbery body absorbs attacks. (AC +1, EV +1)))
((You are camouflaged when in or above water. (Stealth+)))
((You have tentacles for arms and can constrict up to eight enemies at once.))


Message History

The centaur shoots an arrow.
The arrow hits you!
The centaur shoots an arrow.
The arrow hits you!
The centaur shoots an arrow.
The arrow hits you.
The centaur shoots an arrow.
The arrow barely misses you.
The centaur shoots an arrow.
The arrow hits you.
Things that are here:
a +0 war axe; a +2 chain mail of cold resistance A wyvern comes into view.
The wyvern hisses angrily.
The centaur shoots an arrow.
The arrow hits you.
The centaur shoots an arrow.
The arrow hits you.
The wyvern moves out of view.
Things that are here:
a +0 war axe; a +2 chain mail of cold resistance The centaur unwields a +0 shortbow.
The centaur completely misses you.
The centaur kicks you but does no damage.
The centaur barely misses you.
The centaur kicks you but does no damage.
There is an open door, spattered with blood here.
You punch the centaur! You freeze the centaur.
The centaur is severely wounded.
The centaur barely misses you. x2; The wyvern bites you!
The centaur wields a +0 shortbow.
The centaur shoots an arrow.
The arrow hits you.
* * * LOW HITPOINT WARNING * * *
The wyvern bites you but does no damage.
The wyvern bites you!
* * * LOW HITPOINT WARNING * * *
Things that are here:
a +0 war axe; a +2 chain mail of cold resistance You hit the wyvern.
You freeze the wyvern.
The wyvern is lightly wounded.
The wyvern bites you!
* * * LOW HITPOINT WARNING * * *
Really quaff
N - 4 potions of curing {!q!d}?
You feel better. The wyvern bites you!
* * * LOW HITPOINT WARNING * * *
The wyvern bites you.
* * * LOW HITPOINT WARNING * * *
Really quaff
N - 3 potions of curing {!q!d}?
You feel better. The wyvern bites you!
You die...

. .. # ## ... .. #.
.... #.##.#### .....
..#.....#)#######......
..'.....l..)........>#
###.....#Y#######.####
..?.....#.## #.#
..?.....#..# #.#
......!.##.# #.#
........##.######.#
...#######........# ...
#.............#
#.............#
#.............#


You could see a wyvern.

Vanquished Creatures
  A two-headed ogre (D:9)
  Pikel (D:9)
  A manticore (D:8)
  A gargoyle (D:8)
  A troll (D:9)
  Prince Ribbit (D:8)
  A hornet (D:8)
  13 yaks
  2 wraiths
  A steam dragon (D:6)
  4 orc warriors
  A sky beast (D:6)
  A black bear (D:6)
  A necrophage (D:8)
  2 ogres
  2 centaurs
  A lemure (D:9)
  A kobold brigand (D:8)
  4 bullfrogs
  3 scorpions
  A wyvern zombie (D:7)
  A water moccasin zombie (D:7)
  9 wights
  2 howler monkeys (D:10)
  2 hounds
  3 centaur zombies
  7 orc priests
  2 gnoll shamans (D:8)
  2 iguanas
  9 orc wizards
  A hound zombie (D:5)
  10 gnolls
  A howler monkey skeleton (D:4)
  8 adders
  2 white imps (D:7)
  2 ufetubi
  2 worms (D:5)
  2 dart slugs (D:2)
  51 orcs
  8 ball pythons
  3 bat zombies (D:7)
  6 endoplasms
  5 giant cockroaches
  8 hobgoblins
  2 jackals (D:3)
  4 quokkas
  8 bats
  2 frilled lizards
  6 goblins
  13 kobolds
  9 rats
  A rat zombie (D:7)
235 creatures vanquished.

Vanquished Creatures (others)
  A plant (D:4)
1 creature vanquished.

Grand Total: 236 creatures vanquished

Notes
Turn   | Place    | Note
-------+----------+-------------------------------------------
     0 | D:1      | buhh the Octopode Transmuter began the quest for the Orb.
     0 | D:1      | Reached XP level 1. HP: 13/13 MP: 3/3
   382 | D:1      | Reached XP level 2. HP: 19/19 MP: 3/5
   610 | D:1      | Reached XP level 3. HP: 7/25 MP: 4/6
  2229 | D:3      | Reached XP level 4. HP: 32/32 MP: 5/7
  3223 | D:4      | Reached XP level 5. HP: 23/36 MP: 6/8
  3850 | D:4      | Reached XP level 6. HP: 26/45 MP: 5/9
  4035 | D:3      | Learned a level 2 spell: Wereblood
  4039 | D:3      | Learned a level 3 spell: Spider Form
  4042 | D:3      | Learned a level 2 spell: Passwall
  4453 | D:4      | You fall into a shaft and drop 2 floors!
  4462 | D:6      | Found a staircase to the Ecumenical Temple.
  4476 | D:6      | Noticed Edmund
  4757 | D:6      | Noticed a black bear
  4875 | D:6      | Noticed a sky beast
  4887 | D:6      | Killed a sky beast
  4888 | D:6      | Reached XP level 7. HP: 32/50 MP: 0/10
  5246 | D:6      | Noticed a steam dragon
  5291 | D:5      | Entered Level 5 of the Dungeon
  5357 | D:5      | Found a runed translucent door.
  5357 | D:5      | Noticed trickyswaf's ghost (novice MiFi)
  6183 | D:4      | Found Peumymew's Assorted Antiques.
  6187 | D:4      | Bought 2 fizzy emerald potions for 41 gold pieces
  6187 | D:4      | Bought a scroll labelled RIUG QENOO for 23 gold pieces
  6187 | D:4      | Bought a scroll labelled EQOK BUUTSIBB for 23 gold pieces
  6187 | D:4      | Bought an encrusted brass wand for 92 gold pieces
  7309 | D:7      | Reached XP level 8. HP: 38/55 MP: 6/11
  7655 | D:7      | Found an ancient bone altar of Kikubaaqudgha.
  7989 | D:7      | Found a runed translucent door.
  7990 | D:7      | Noticed Crazy Yiuf
  8992 | Temple   | Entered the Ecumenical Temple
  9052 | Temple   | Became a worshipper of Cheibriados the Contemplative
  9836 | D:8      | Noticed a hornet
  9846 | D:7      | Reached XP level 9. HP: 63/63 MP: 10/12
  9889 | D:8      | Noticed Prince Ribbit
  9904 | D:8      | Killed Prince Ribbit
 10045 | D:8      | Killed a hornet
 10155 | D:8      | Learned a level 4 spell: Ice Form
 10425 | D:8      | Noticed a gargoyle
 11039 | D:8      | Noticed a manticore
 11125 | D:8      | Killed a manticore
 11957 | D:9      | Reached * piety under Cheibriados
 11959 | D:9      | Found a staircase to the Orcish Mines.
 11984 | D:9      | Reached skill level 1 in Invocations
 11991 | D:9      | Reached skill level 2 in Invocations
 12154 | D:9      | Reached XP level 10. HP: 71/71 MP: 8/13
 12235 | D:9      | Noticed Pikel
 12259 | D:9      | Killed Pikel
 12260 | D:9      | Reached skill level 5 in Invocations
 12474 | D:9      | Noticed a two-headed ogre
 12474 | D:9      | Found a runed translucent door.
 12597 | D:8      | Reached ** piety under Cheibriados
 13175 | D:9      | Noticed a two-headed ogre
 13196 | D:8      | HP: 2/75 [gargoyle/+0 mace (2)]
 13198 | D:8      | Killed a gargoyle
 13199 | D:8      | Reached skill level 6 in Invocations
 13936 | D:9      | Noticed a skeletal warrior
 14301 | D:8      | Reached skill level 7 in Invocations
 14754 | D:9      | Killed a two-headed ogre
 14755 | D:9      | Reached skill level 8 in Invocations
 14954 | D:8      | Reached skill level 9 in Invocations
 15493 | D:9      | Found Fefejoilos's Weapon Shop.
 15662 | D:10     | Entered Level 10 of the Dungeon
 15730 | D:10     | Reached XP level 11. HP: 75/75 MP: 9/17
 15745 | D:10     | Reached *** piety under Cheibriados
 16461 | D:10     | HP: 1/92 [wyvern (6)]
 16462 | D:10     | Slain by a wyvern

Illustrated notes

Levels and vault maps discovered:
D:1:      lightli_arrival_noodles, layout_basic
D:2:      minmay_skewed_foursquare, layout_basic, chequers_serial_rivers_micro_d
D:3:      layout_loops_ring
D:4:      layout_basic, serial_shops, shop, saegor_snake_ambush
D:5:      layout_basic, gammafunk_ghost_grave
D:6:      layout_loops_ring, minmay_temple_entry_drinking_statues, uniq_edmund
D:7:      layout_rooms, lemuel_zombie_altar_kikubaaqudgha,
          hangedman_abyss_or_decor_lesser_grid, uniq_crazy_yiuf_cottage
D:8:      minmay_chambers_of_fours, layout_rooms, minmay_holes,
          uniq_prince_ribbit1
D:9:      layout_rooms, hiddenorc2_lemuel, serial_shops,
          nicolae_shop_bloodbath_and_beyond, minmay_st_funbox,
          minmay_guarded_unrand_finisher, uniq_pikel
D:10:     layout_basic, corexii_checkpoint_b
Temple:   mainiacjoe_temple_archimedes_tessellation

Skill      XL: |  1  2  3  4  5  6  7  8  9 10 11 |
---------------+----------------------------------+-----
Stealth        | 1 |  1.0
Fighting       | 2 3 4 5 6 7 8 |  8.2
Transmutations | 3 5 7 8 |  8.0
Evocations     | 1 3 |  3.0
Ice Magic      | 3 8 |  8.0
Invocations    | 2 9 |  9.2
Unarmed Combat | 4 5 |  5.2
Dodging        | |  2.0
Spellcasting   | |  2.0

Action                   |  1- 3 |  4- 6 |  7- 9 | 10-12 || total
-------------------------+-------+-------+-------+-------++-------
Melee: Unarmed           |    79 |   125 |   319 |   216 ||   739
       Constrict         |    23 |    35 |    32 |       ||    90
       Kick              |    18 |    38 |    54 |       ||   110
       Tentacles         |    13 |    32 |    42 |       ||    87
       Punch             |       |     2 |     6 |       ||     8
 Cast: Beastly Appendage |    23 |    36 |    29 |       ||    88
       Spider Form       |       |     1 |     9 |       ||    10
       Passwall          |       |     1 |       |       ||     1
       Wereblood         |       |       |     3 |     2 ||     5
       Ice Form          |       |       |    15 |    32 ||    47
Evoke: Wand              |       |       |    11 |     5 ||    16
  Use: Scroll            |       |     8 |     2 |     4 ||    14
       Potion            |       |     2 |     4 |     6 ||    12
 Stab: Sleeping          |    12 |     4 |     3 |       ||    19
       Paralysed         |       |       |    11 |       ||    11
Armor: Skin              |     8 |     7 |    48 |    90 ||   153
Dodge: Dodged            |    51 |    72 |   198 |    93 ||   414
